 Dungeon Crawl Stone Soup version 0.28-a0-1152-g9c71ebef14 (webtiles) character file.

Game seed: 11775553111379950426

30 spaghetti the Sneak (level 3, -8/23 (24) HPs)
             Began as a Tengu Delver on Dec 14, 2021.
             Mangled by a wight (10 damage)
             ... on level 5 of the Dungeon.
             The game lasted 00:00:38 (368 turns).

spaghetti the Sneak (Tengu Delver)                   Turns: 368, Time: 00:00:38

HP:   -8/23 (24)    AC:  3    Str: 12    XL:     3   Next: 20%
MP:   4/4           EV: 12    Int: 12    God:
Gold: 8             SH:  0    Dex: 15    Spells: 2/2 levels left

rFire   . . .      SeeInvis .   a - +0 falchion {long}
rCold   . . .      Faith    .   (no shield)
rNeg    . . .      Spirit   .   b - +0 leather armour
rPois   .          Reflect  .   (helmet restricted)
rElec   .          Harm     .   (no cloak)
rCorr   .          Rampage  .   (no gloves)
Will    .....                   (boots unavailable)
Stlth   +++.......              (no amulet)
HPRegen 0.07/turn               (no ring)
MPRegen 0.09/turn               (no ring)

@: hasted, lightly drained, very quick
A: beak, talons 3
a: no special abilities


You were on level 5 of the Dungeon.
You visited 1 branch of the dungeon, and saw 1 of its levels.

You collected 8 gold pieces.


Innate Abilities, Weirdness & Mutations

You have a beak for a mouth.
You have claws for feet.


   Skills:
 + Level 4.2 Fighting
 - Level 2.1 Long Blades
 - Level 2.1 Dodging
 - Level 5.0 Stealth


You had 2 spell levels left.
You didn't know any spells.
Your spell library was empty.

Inventory:

Hand Weapons
 a - a +0 falchion (weapon) {long}
Missiles
 i - 18 arrows
Armour
 b - a +0 leather armour (worn)
Wands
 g - a wand of digging (3)
 h - a wand of polymorph (7)
   (You found it on level 5 of the Dungeon)
Scrolls
 c - a scroll of fog
 d - a scroll of magic mapping {!r}
 e - a scroll of fear

Dungeon Overview and Level Annotations

Branches:
Dungeon (5/15)
 Temple: D:4-7

Altars:

#...............#
####........###.#
##.......# #.#
#..########.#
#..## #.....#
#...# #.#####
#...###.#
##...##.#########
#...##....z@...#
##..##########.#
#...# #.#
##..#########.#
#.>..........#
##############


You could see a wight.


Message History

🤖 Initializing magus.rc ...
Options error: Delay interrupt name "hungry" not recognised. (~/.crawlrc:4771) ✅ Successfully initialized magus.rc [v1.9.6] Welcome, spaghetti the Tengu Delver.
It is said that the Orb of Zot exists deep within this dungeon.
Press ? for a list of commands and other information.
Found a blackened iron wand.
Found a stone staircase leading down.
h - a wand of polymorph (7)
A bullfrog zombie comes into view.
A bullfrog zombie is nearby!
The bullfrog zombie hits you but does no damage.
You barely miss the bullfrog zombie. The bullfrog zombie barely misses you.
You slash the bullfrog zombie! You claw the bullfrog zombie.
The bullfrog zombie hits you but does no damage.
You closely miss the bullfrog zombie. Your kick misses the bullfrog zombie.
You peck the bullfrog zombie.
The bullfrog zombie hits you but does no damage.
The bullfrog zombie barely misses you.
You hit the bullfrog zombie but do no damage.
The bullfrog zombie closely misses you.
The bullfrog zombie hits you but does no damage.
You hit the bullfrog zombie.
You claw the bullfrog zombie, but do no damage.
The bullfrog zombie hits you but does no damage.
You hit the bullfrog zombie. Your kick misses the bullfrog zombie.
The bullfrog zombie hits you. x2
* * * LOW HITPOINT WARNING * * *
😨 HP[-7]
You take 7 damage, and now have 7/14 hp.
MASSIVE DAMAGE!! (PAUSE)
You slash the bullfrog zombie! The bullfrog zombie hits you.
* * * LOW HITPOINT WARNING * * *
😨 HP[-3]
You take 3 damage, and now have 4/14 hp.
MASSIVE DAMAGE!! (PAUSE) Unknown command.
Okay, then.
Okay, then.
Okay, then.
You hit the bullfrog zombie. Your kick misses the bullfrog zombie.
Your peck misses the bullfrog zombie.
The bullfrog zombie barely misses you. x2
You hit the bullfrog zombie.
You destroy the bullfrog zombie!
Your Fighting skill increases to level 4!
You have reached level 2!
You have reached level 3!
Your experience leads to an increase in your attributes!
Increase (S)trength, (I)ntelligence, or (D)exterity?
You feel clever. x2 😨 HP[+3] MP[+2]
You now have 24 max hp (+10).
You regained 3 hp, and now have 7/24 hp.
Your mp is fully restored (4).
You start resting. 😎 HP[+17]
Your hp is fully restored (24).
i - 18 arrows You now have 8 gold pieces.
j - a black potion It was a potion of brilliance.
You feel clever all of a sudden.
Unknown command.
You feel a little less clever now.
You open the door.
There is an open door here.
A wight comes into view. It is wielding a +3 hand axe.
(D) Dungeon
Where to? (? - help) Unknown command.
A wight comes into view. It is wielding a +1 long sword.
(D) Dungeon
Where to? (Enter - D:6, ? - help)
Okay, then.
Okay, then.
You closely miss the wight. You claw the wight, but do no damage.
The wight hits you with a +3 hand axe. x2 😮 HP[-7]
You take 7 damage, and now have 17/24 hp.
MASSIVE DAMAGE!! (PAUSE) Unknown command.
You closely miss the wight. You claw the wight. You peck the wight.
The wight hits you with a +3 hand axe.
* * * LOW HITPOINT WARNING * * *
You feel drained.
* * * LOW HITPOINT WARNING * * *
😨 HP[-6]
You now have 23 max hp (-1).
You take 6 damage, and now have 11/23 hp.
MASSIVE DAMAGE!! (PAUSE)
Okay, then.
You closely miss the wight. You peck the wight, but do no damage.
The wight hits you with a +3 hand axe!
* * * LOW HITPOINT WARNING * * *
😱 HP[-10]
You take 10 damage, and now have 1/23 hp.
MASSIVE DAMAGE!! (PAUSE) Unknown command. 😱 HP[+1]
You feel yourself speed up. The wight hits you with a +3 hand axe!
You die...

Skill      XL: |  1 |
---------------+----+-----
Fighting       | 4 |  4.2
Long Blades    | |  2.1
Dodging        | |  2.1
Stealth        | |  5.0

Action                   || total
-------------------------++-------
Melee: Falchion          ||    12
       Kick              ||     4
       Peck              ||     3
  Use: Potion            ||     2
Armor: Leather armour    ||     5
Dodge: Dodged            ||     5

Levels and vault maps discovered:
D:5:      layout_basic, serial_bayou_pond_d, uniq_duvessa

Notes
Turn   | Place    | Note
-------+----------+-------------------------------------------
     0 | D:5      | spaghetti the Tengu Delver began the quest for the Orb.
     0 | D:5      | Reached XP level 1. HP: 14/14 MP: 2/2
     0 | D:5      | magus.rc [v1.9.6]
    28 | D:5      | Reached skill level 4 in Fighting
    28 | D:5      | Reached XP level 2. HP: 5/20 MP: 3/3
    28 | D:5      | Reached XP level 3. HP: 7/24 MP: 4/4
   357 | D:5      | HP: 1/23 [wight (10)]
   368 | D:5      | Mangled by a wight

Vanquished Creatures
  A bullfrog zombie (D:5)
1 creature vanquished.

Vanquished Creatures (others)
  A plant (D:5)
1 creature vanquished.

Grand Total: 2 creatures vanquished

Table legend:
 A = Non-vault XP
 B = Vault XP
 C = Vault XP percentage of total XP
 D = Non-vault monster count
 E = Vault monster count
 F = Vault count percentage of total count
                 A         B        C        D         E       F
            +---------+---------+-------+---------+---------+-------
      Total |      44 |       0 |   0.0 |       1 |       0 |   0.0
            +---------+---------+-------+---------+---------+-------
        D:5 |      44 |       0 |   0.0 |       1 |       0 |   0.0
            +---------+---------+-------+---------+---------+-------

Illustrated notes

Table legend:
 A = Kills in this place as a percentage of kills in entire the game.
 B = Kills by you in this place as a percentage of kills by you in the entire game.
 C = Kills by friends in this place as a percentage of kills by friends in the entire game.
 D = Other kills in this place as a percentage of other kills in the entire game.
 E = Experience gained in this place as a percentage of experience gained in the entire game.
 F = Experience gained in this place divided by the number of levels of this place that you have seen.
                   A       B       C       D       E      F
               +-------+-------+-------+-------+-------+----------------------
         Total | 100.0 | 100.0 |   N/A |   N/A | 100.0 |  44.0
       Dungeon | 100.0 | 100.0 |   N/A |   N/A | 100.0 |  44.0
               +-------+-------+-------+-------+-------+----------------------

Table legend: (Time is in decaauts)
 A = Elapsed time spent in this place.
 B = Non-inter-level travel time spent in this place.
 C = Inter-level travel time spent in this place.
 D = Time resting spent in this place.
 E = Time spent auto-exploring this place.
 F = Levels seen in this place.
 G = Mean time per level.
                   A        B        C        D        E       F      G
               +--------+--------+--------+--------+--------+-----+--------+
         Total |    370 |    368 |      2 |    211 |     98 |   1 |  370.0 |
       Dungeon |    370 |    368 |      2 |    211 |     98 |   1 |  370.0 |
               +--------+--------+--------+--------+--------+-----+--------+

Top non-repeatable levels by time:
     D:5: 370 daAuts
